Cogmind - Beta 16 @@@ ROGUE MODE // 2026.01.03 @ 16:41:07 Player: JustDragon Result: Destroyed by 75-DSZ(R) with Subdweller Machine Gun Performance ------------- Evolutions (0) 0 Regions Visited (2) 400 Robots Destroyed (8) 40 Value Destroyed (212) 212 Prototype IDs (0) 0 Alien Tech Used (0) 0 Bonus (0) 0 TOTAL SCORE: 652 Bonus ------- None Cogmind --------- Core Integrity 0/250 Matter 300/300 Energy 100/100 System Corruption 0% Temperature Cool (0) Movement Treading (160) Location -10/Subcaves Parts ------- > --- POWER (1) -------- (None) > --- PROPULSION (2) --- Improved Treads Improved Treads > --- UTILITY (2) ------ Medium Storage Unit Utility Shielding > --- WEAPON (2) ------- (None) > --- INVENTORY (10) --- Light Treads Light Treads Small Storage Unit Mining Claw Peak State ------------ > --- POWER ------------ Light Ion Engine > --- PROPULSION ------- Improved Treads Improved Treads > --- UTILITY ---------- Small Storage Unit Medium Storage Unit > --- WEAPON ----------- Medium Laser Small Laser > --- INVENTORY -------- Ion Engine Light Treads Light Treads Utility Shielding Mining Claw [Rating: 9] Favorites ----------- Power Light Ion Engine Engine Light Ion Engine Propulsion Improved Treads Treads Improved Treads Utility Small Storage Unit Storage Small Storage Unit Protection Utility Shielding Weapon Medium Laser Energy Gun Medium Laser Build | -11 -10 -10 ------- Run | Yrd Mat Sub Slots Evolved . | . . . Power . | . . . Propulsion . | . . . Utility . | . . . Weapon . | . . . Parts Attached 13 | 6 7 . Power 2 | 1 1 . Engine 2 | 1 1 . Core . | . . . Reactor . | . . . Propulsion 4 | 2 2 . Treads 4 | 2 2 . Leg . | . . . Wheel . | . . . Hover . | . . . Flight . | . . . Utility 4 | 1 3 . Device . | . . . Storage 2 | 1 1 . Processor . | . . . Hackware . | . . . Protection 2 | . 2 . Artifact . | . . . Weapon 3 | 2 1 . Energy Gun 3 | 2 1 . Energy Cannon . | . . . Ballistic Gun . | . . . Ballistic Cannon . | . . . Launcher . | . . . Special Weapon . | . . . Impact Weapon . | . . . Slashing Weapon . | . . . Piercing Weapon . | . . . Special Melee Weapon . | . . . Unidentified Prototypes . | . . . Parts Lost 5 | . 2 3 Power 1 | . . 1 Propulsion . | . . . Utility 1 | . 1 . Weapon 3 | . 1 2 Highest Loss Streak 2 | . 1 2 To Critical Strikes . | . . . Average Backups 2 | 1 2 4 Power . | . 1 . Propulsion 1 | . . 2 Utility . | . . 1 Weapon . | . . 1 Tool/Special . | . . . Unused Backups 4 | . 3 1 Power . | . . . Propulsion . | . . . Utility . | . . . Weapon 4 | . 3 1 Tool/Special . | . . . Average Slot Usage (%) 90 | . 88 94 Engine 13 | . 14 13 Treads 28 | . 28 28 Storage 14 | . 14 14 Protection 9 | . 7 14 Energy Gun 23 | . 24 23 Peak Build Rating 9 | 6 9 9 Average Rating 7 | 3 7 8 On Entrance 5 | . 6 9 Avg Prop Armor Cover (%) 27 | . 27 . Naked Turns . | . . . Heaviest Build 17 | 14 17 17 Greatest Support 46 | 40 46 46 Greatest Overweight (x) 3 | . 3 . Average Overweight (x) . | . . . Largest Inventory Capacity 10 | 8 10 10 Average Capacity 8 | 6 8 10 Most Carried 7 | 5 7 4 Average Carried 2 | 1 2 4 Final Capacity 10 | 8 10 10 Final Carried 5 | 1 5 4 Class Distribution -------------------- 100% | Mutant Dominant Class ---------------- Mutant | -10/Materials Mutant | -10/Subcaves Resources | -11 -10 -10 ----------- Run | Yrd Mat Sub Matter Collected 316 | 133 107 76 Remotely . | . . . Salvage Created 236 | . 160 76 Parts 21 | . 13 8 Haulers Intercepted . | . . . Recyclers Shooed . | . . . Parts Field Recycled . | . . . Retrieved Matter . | . . . Parts Self-Destructed 5 | . . 5 Prevented . | . . . Parts Restored . | . . . Kills | -11 -10 -10 ------- Run | Yrd Mat Sub Combat Hostiles Destroyed 8 | . 6 2 Guns 8 | . 6 2 Classes Destroyed 3 | . 2 1 Swarmer 3 | . 3 . Grunt 3 | . 3 . Subdweller 2 | . . 2 Best Kill Streak 3 | . 3 2 Combat Bots Only 3 | . 3 2 Max Kills in Single Turn 1 | . 1 1 Gunslinging . | . . . Exploded . | . . . Melee . | . . . Uniques/NPCs Destroyed . | . . . Combat | -11 -10 -10 -------- Run | Yrd Mat Sub Hostile Shots Fired 98 | . 50 48 Missed 30 | . 12 18 Hits 68 | . 38 30 Projectile 68 | . 38 30 Critical Strikes 1 | . . 1 Damage Taken 988 | . 370 618 Core 267 | . 52 215 Absorbed by Shields . | . . . Core Remaining (%) 100 | 100 . . Volleys Fired 37 | . 23 14 Largest 2 | . 2 2 Hottest 90 | . 90 90 Shots Fired 52 | . 31 21 Gun 52 | . 31 21 Cannon . | . . . Launcher . | . . . Special . | . . . Kinetic . | . . . Thermal 44 | . 23 21 Explosive . | . . . Electromagnetic 8 | . 8 . Robot Hit Streak 15 | . 9 15 Robot Miss Streak 2 | . 2 1 Penetration Max . | . . . Secondary Targets . | . . . Shots Hit Robots 38 | . 20 18 Core Hits 15 | . 9 6 Critical Kills . | . . . Critical Parts Destroyed . | . . . Critical Strikes 1 | . . 1 Burn 1 | . . 1 Melee Attacks . | . . . Impact . | . . . Slashing . | . . . Piercing . | . . . Sneak Attacks . | . . . Combat Hostiles . | . . . Follow-up Attacks . | . . . Damage Inflicted 442 | . 222 220 Guns 442 | . 222 220 Cannons . | . . . Explosions . | . . . Melee . | . . . Ramming . | . . . Kinetic . | . . . Thermal 394 | . 174 220 Explosive . | . . . Electromagnetic 48 | . 48 . Impact . | . . . Slashing . | . . . Piercing . | . . . Highest Corruption . | . . . Average Corruption . | . . . Corruption Purged . | . . . Corruption Blocked . | . . . Overload Shots . | . . . Overflow Damage . | . . . Projectiles . | . . . Explosions . | . . . Melee . | . . . Knockbacks . | . . . Impact . | . . . Kinetic . | . . . Secondary . | . . . Self-Inflicted Damage . | . . . Shots . | . . . Rammed . | . . . Targets Rammed . | . . . Kicked . | . . . Crushed . | . . . Highest Temperature 156 | . 156 . Average Temperature 66 | . 66 . Received Heat Transfer 174 | . 102 72 Siege Activations . | . . . Martial Activations . | . . . Shielding Activations . | . . . Robots Disrupted . | . . . Combat Hostiles . | . . . Robots Corrupted . | . . . Combat Hostiles . | . . . Parts Fried . | . . . Impact Corruptions . | . . . Robots Melted . | . . . Combat Hostiles . | . . . Parts Melted 2 | . 1 1 Heat Transferred 1198 | . 518 680 Parts Sabotaged . | . . . Parts Stolen . | . . . Parts Stripped . | . . . Power Chain Reactions . | . . . Alert | -11 -10 -10 ------- Run | Yrd Mat Sub Maximum Alert Level . | . . . Low Security (%) 100 | 100 100 . Level 1 . | . . . Level 2 . | . . . Level 3 . | . . . Level 4 . | . . . Level 5 . | . . . High Security . | . . . Max Security . | . . . Peak Influence 87 | . 87 . Initial . | . . . Average 35 | . 45 . Influence Increases 213 | . 213 . Destroy 0b10 Robot/C 120 | . 120 . Destroy Leader 30 | . 30 . Successful Hack 2 | . 2 . Destroy Structure 1 | . 1 . Lose Combat Pursuer 60 | . 60 . Influence Decreases 213 | . 150 63 Entered New Map 31 | . . 31 Time Decay 162 | . 130 32 Lost Part 20 | . 20 . Squads Dispatched 3 | . 3 . Investigation 2 | . 2 . Extermination . | . . . Reinforcement 1 | . 1 . Assault . | . . . Garrison . | . . . Intercept . | . . . Searches Triggered . | . . . Construction Impeded . | . . . Haulers Reinforced . | . . . Active Scanning Responses . | . . . Cargo Convoy Interrupts . | . . . Stealth | -11 -10 -10 --------- Run | Yrd Mat Sub Distress Signals . | . . . Communications Jammed . | . . . Distress Signals . | . . . Times Spotted 11 | . 7 4 Peak Tracking Total 3 | . 3 3 Tactical Retreats 2 | . 2 . Traps | -11 -10 -10 ------- Run | Yrd Mat Sub Traps Triggered 1 | . 1 . Indirectly . | . . . Trap Hack Attempts . | . . . Triggered . | . . . Disarmed . | . . . Reprogrammed . | . . . Reused . | . . . Traps Extracted . | . . . Installed . | . . . Triggered . | . . . Machines | -11 -10 -10 ---------- Run | Yrd Mat Sub Machines Disabled . | . . . Max in Single Turn . | . . . Machines Repaired . | . . . Machines Dismantled . | . . . Machines Sabotaged . | . . . Overloaded Fab Kills . | . . . Hacking | -11 -10 -10 --------- Run | Yrd Mat Sub Machines Accessed 1 | . 1 . Terminals 1 | . 1 . Fabricators . | . . . Repair Stations . | . . . Recycling Units . | . . . Scanalyzers . | . . . Garrison Access . | . . . Total Hacks 4 | . 4 . Successful 2 | . 2 . Failed 2 | . 2 . Catastrophic . | . . . Database Lockouts . | . . . Manual . | . . . Terminals 4 | . 4 . Fabricators . | . . . Repair Stations . | . . . Recycling Units . | . . . Scanalyzers . | . . . Garrison Access . | . . . Terminal Hacks 2 | . 2 . Record 2 | . 2 . Fabricator Hacks . | . . . Repair Station Hacks . | . . . Recycling Unit Hacks . | . . . Scanalyzer . | . . . Garrison Access Hacks . | . . . Unauthorized Hacks . | . . . Terminals . | . . . Fabricators . | . . . Repair Stations . | . . . Recycling Units . | . . . Scanalyzers . | . . . Garrison Access . | . . . Data Cores Recovered . | . . . Used . | . . . Hacking Detections 1 | . 1 . Full Trace Events 1 | . 1 . Feedback Events . | . . . Feedback Blocked . | . . . Robot Schematics Acquired . | . . . Robots Built . | . . . Authchips . | . . . Time . | . . . Total Robot Build Rating . | . . . Part Schematics Acquired . | . . . Parts Built . | . . . Authchips . | . . . Time . | . . . Total Part Build Rating . | . . . Part Studies Acquired . | . . . Parts Repaired . | . . . Time . | . . . Parts Recycled . | . . . Recycled Matter . | . . . Retrieved Matter . | . . . Retrieved Components . | . . . Parts Scanalyzed . | . . . Part Schematics Acquired . | . . . Parts Damaged . | . . . Bothacking | -11 -10 -10 ------------ Run | Yrd Mat Sub Used RIF Installer . | . . . Robots Hacked . | . . . Non-combat . | . . . Combat . | . . . Robot Hacks Applied . | . . . Relay Couplers Released . | . . . Fabnet Peak Effective % . | . . . Robots Rewired . | . . . Allies Hacked . | . . . Hacks Repelled . | . . . Allies | -11 -10 -10 -------- Run | Yrd Mat Sub Total Allies . | . . . Largest Group . | . . . Highest-Rated Group . | . . . Highest-Rated Ally . | . . . Total Orders . | . . . Ally Attacks . | . . . Total Damage . | . . . Kills . | . . . Allies Corrupted . | . . . Allies Melted . | . . . Intel | -11 -10 -10 ------- Run | Yrd Mat Sub Active Infowar (turns) . | . . . Robot Analysis Total . | . . . Derelict Logs Recovered . | . . . Drone Launches . | . . . Drone Recoveries . | . . . Exploration | -11 -10 -10 ------------- Run | Yrd Mat Sub Turns Passed 603 | 86 314 203 Spaces Moved 324 | 71 148 105 Core 43 | 36 7 . Treads 281 | 35 141 105 Legs . | . . . Wheels . | . . . Hover . | . . . Flight . | . . . Fastest Speed 50 | 50 160 160 Average Speed 148 | 104 161 160 Slowest Speed 200 | 160 200 160 Overloaded Moves . | . . . Propulsion Burnouts . | . . . Robots Hopped . | . . . Potential Cave-ins . | . . . Cave-ins Triggered . | . . . Exploration Rate (%) 9 | 3 18 8 Regions Visited 2 Branch Regions 1 Pre-discovered Areas . | . . . Known Exits Taken . | . . . Unknown Exits Taken 2 | 1 1 . Scrap Searched . | . . . Spaces Dug . | . . . Terrain Destroyed . | . . . Melee . | . . . Projectile . | . . . AOE . | . . . Terrain Rammed . | . . . Walls Destroyed . | . . . Machines Disabled . | . . . Actions | -11 -10 -10 --------- Run | Yrd Mat Sub Total 396 | 83 193 120 Wait . | . . . Move 322 | 70 147 105 Hop . | . . . Pick Up 17 | 7 10 . Fast Attach . | . . . Attach 11 | 6 5 . Detach 2 | . 2 . Swap 3 | . 3 . Drop 4 | . 3 1 Fire 37 | . 23 14 Melee . | . . . Ram . | . . . Kick . | . . . Crush . | . . . Escape Stasis . | . . . Rewire . | . . . Trap . | . . . Miscellaneous . | . . . Route ------- -11/Scrapyard -10/Materials -10/Subcaves History --------- Turn | Location | Event 5 | -11/Scrapyard | Discovered new exit (range 16) 87 | -11/Scrapyard | Entered Materials 315 | -10/Materials | Build established: Mutant 330 | -10/Materials | Discovered new exit (range 8) 401 | -10/Materials | Entered Subcaves 402 | -10/Subcaves | Approached by a straggling Scientist 511 | -10/Subcaves | Core integrity fell below 50% 597 | -10/Subcaves | Core integrity fell below 20% 604 | -10/Subcaves | Destroyed by 75-DSZ(R) with Subdweller Machine Gun Last Messages --------------- back to the UFD." 19-NK7(c): "I think it's somewhere southeast of here" 00454_ NE-1AU(u) builds Twisted Machinery. 00460_ 19-NK7(c) destroyed. 00468_ NE-1AU(u) builds Twisted Machinery. 00473_ Subatomizers dissect the Tech Extrapolator. 00479_ NE-1AU(u) builds Twisted Machinery. 00495_ NE-1AU(u) cries out in pain. 00495_ NE-1AU(u) destroyed. 00523_ Disposable Heat Sink melted. 00523_ 8E-YAV(R) destroyed. 00538_ JV-AZ7(R) destroyed. 00543_ Sml. Laser destroyed. 00546_ Acquired 33 matter. 00554_ Acquired 43 matter. 00592_ 75-DSZ(R) suffers critical hit (Burn). 00592_ Lgt. Ion Engine destroyed. 00598_ Med. Laser destroyed. Map ----- +----------------------------------------------------+ | ?????????????????#####???????????????????????????? | | ????????????????## #???????????????????????????? | | ????????????????# #???????????????????????????? | | ???#### ???????# ##??#####???????????????????? | | ?### # ??????## ### ##??????????????????? | | ## ??????## ##?????????????????? | | ???????# #?????????????????? | | #???????# ##????????????????? | | #???????##### = | ##???????????????? | | #???????????###[ ##??????????????? | | ####??????????# ##?????????????? | | #?????????## #????????????? | | #????????##&[= ???????????? | | ###??????# & * ####### ???????????? | | ##??#####&& ###????????#?????????????? | | !% #### ## ##????????????????????????? | | "## ######??????????????????????? | | ### ### #??????????????????????? | | ### "" #??????????????????????? | | # ## ##" = """ ##??????????????????????? | | ###### ""%| #???????????????????????? | | #????# #### "" #???????????????????????? | | #??# #??# #???????????????????????? | | #?# ??## ##RR #???????????????????????? | | # #??## ## ### #??????????????????? | | ##???## ## @ #????????????????????? | | # #?????## #????????????????????? | | ?## ## ??????#### #??????????????????? | | ??####?###????????# ## ???????????????? | | ??????????????????# ####### #????????????? | | ??????????????????## #??????# ????????????? | | ???????????????????###??????? ???????????? | | ?????????????????????????????? #??????????? | | ??????????????????????????????? #???????????? | | ???????????????????????????????# #???????????? | | ???????????????????????????????? ????????????? | | ????????????????????????????????? ????????????? | | ?????????????????????????????????? ??????????????? | | ?????????????????????????????????????????????????? | | ?????????????????????????????????????????????????? | | ?????????????????????????????????????????????????? | | ?????????????????????????????????????????????????? | | ?????????????????????????????????????????????????? | | ?????????????????????????????????????????????????? | | ?????????????????????????????????????????????????? | | ?????????????????????????????????????????????????? | | ?????????????????????????????????????????????????? | | ?????????????????????????????????????????????????? | | ?????????????????????????????????????????????????? | | ?????????????????????????????????????????????????? | +----------------------------------------------------+ Best States ------------- Heat Dissipation 25 Energy Generation 10 Energy Capacity 250 Matter Stores 300 Matter Capacity 300 Sight Range 16 Terrain Scan Density 10 Armor Coverage 150 Utility Shielding 33 Evasion (%) 50 Recoil Reduction 2 Item Schematics ----------------- None Robot Schematics ------------------ None Fabricated ------------ Nothing Repaired ---------- Nothing Studied --------- None Alien Tech Used ----------------- None Achievements -------------- None Challenges ------------ None Game ------ Seed MatterSwarmGenerator Manual? 0 Play Time 00:06:24 Cumulative 3.7 hours Start 2026.01.02 @ 17:17:18 End 2026.01.03 @ 16:41:07 Sessions 2 Manual Loads 0 Difficulty Rogue Special Mode None Game No. 18 Rogue 18 Adventurer 0 Explorer 0 Win Type - Total 0 Types 0/0/0/0/0/0/0/0/0/0 Lore% 3 Gallery% 7 Achievement% 7 Wizard Run 0 Options --------- Layout 2 ASCII 0 Keyboard 1 Movement Arrows Keybinds 0 Fullscreen 2 Font 32/SmallcapsGlow Map View 50x49 Zoom Use 0% Tactical HUD 1 Map Filters NONE Filters NONE Steam 1 RUN: ec533817-09b9-4de0-8dae-ec8dd76f96d2